 Dungeon Crawl Stone Soup version 0.17-a0-1769-g54adf96 (webtiles) character file.

24 ololoev the Charmwright (level 2, -1/24 HPs)
             Began as a Draconian Skald on Sept 7, 2015.
             Slain by a hobgoblin (2 damage)
             ... on level 2 of the Dungeon.
             The game lasted 00:01:58 (1328 turns).

ololoev the Charmwright (Draconian Skald)           Turns: 1328, Time: 00:01:58

Health: -1/24      AC:  4    Str: 14    XL:     2   Next: 79%
Magic:  5/5        EV: 11    Int: 12    God:
Gold:   66         SH:  0    Dex: 10    Spells: 2 memorised, 2 levels left

rFire  . . .     SeeInvis .     a - +0 mace
rCold  . . .     Clarity  .     (armour unavailable)
rNeg   . . .     SustAt   .     (no shield)
rPois  .         Gourm    .     (helmet restricted)
rElec  .         Spirit   .     (no cloak)
rCorr  .         Warding  .     (no gloves)
rMut   .         Stasis   .     (no boots)
MR     .....                    (no amulet)
Stlth  +.........               (no ring)
                                (no ring)

@: not resistant to hostile enchantments, very unstealthy
A: unfitting armour, cold-blooded, AC +4
a: no special abilities


Innate Abilities, Weirdness & Mutations

Your plain brown scales are hard (AC +4).
Your body does not fit into most forms of armour.
You are cold-blooded and may be slowed by cold attacks.

Inventory:

Hand weapons
 a - a +0 mace (weapon)
Missiles
 h - a throwing net (quivered)
Scrolls
 d - a scroll of immolation {unknown}
 f - 2 scrolls of identify {unknown}
Potions
 e - 3 potions of magic
Books
 b - a book of Battle

   Spells                             Type                      Level
   a - Infusion                       Charms                       1
   b - Shroud of Golubria             Charms/Translocation         2
   c - Song of Slaying                Charms                       2
   d - Spectral Weapon                Hexes/Charms                 3
   e - Regeneration                   Charms/Necromancy            3
Comestibles
 c - a bread ration
 g - a slice of pizza


   Skills:
 - Level 2.1 Fighting
 * Level 2.6 Maces & Flails
 - Level 1.3 Dodging
 + Level 2.3 Spellcasting
 * Level 3.1 Charms


You had 2 spell levels left.
You knew the following spells:

 Your Spells              Type           Power        Failure   Level  Hunger
a - Infusion              Chrm           #.....       10%         1    ##.....
b - Song of Slaying       Chrm           #.......     12%         2    ###....


You were on level 2 of the Dungeon.
You were hungry.

You visited 1 branch of the dungeon, and saw 2 of its levels.

You collected 66 gold pieces.

#..# ##..## #
#....#
.(.##....# .
#.....<.####....
..............#
.........######
...###...lK#####
## #...#g@bg.#
###.#####(###
#...###(..#.##
.##...bg.....# .
##..†....#.# ..
#.#.....# .. ..
...#)...... #
### #.....#..#
#.....##..

Notes
Turn   | Place    | Note
--------------------------------------------------------------
     0 | D:1      | ololoev the Draconian Skald began the quest for the Orb.
     0 | D:1      | Reached XP level 1. HP: 17/17 MP: 3/3
   553 | D:1      | Reached XP level 2. HP: 15/24 MP: 0/5
   569 | D:1      | Learned a level 2 spell: Song of Slaying
  1017 | D:1      | Reached skill level 3 in Charms
  1319 | D:2      | HP: 1/24 [hobgoblin (1)]
  1328 | D:2      | HP: 1/24 [bat (1)]
  1328 | D:2      | Slain by a hobgoblin

Dungeon Overview and Level Annotations

Branches:
Dungeon (2/15)

Altars:


Message History

It was a potion of curing.
You feel better. The bat closely misses you.
The kobold hits you but does no damage.
The hobgoblin hits you but does no damage.
Drink which item? (? for menu, Esc to quit)
You feel better. The bat barely misses you.
The bat hits you but does no damage. The kobold hits you but does no damage.
The hobgoblin hits you.
You barely miss the bat. The bat hits you but does no damage.
The bat barely misses you. The kobold hits you but does no damage.
The hobgoblin barely misses you. The bat hits you but does no damage.
You hit the hobgoblin but do no damage.
The hobgoblin is heavily wounded.
Your song has ended.
The bat barely misses you. The kobold completely misses you.
The hobgoblin hits you. The kobold hits you with a short sword.
The hobgoblin hits you. The bat hits you.
You hit the hobgoblin but do no damage.
The hobgoblin is heavily wounded.
The bat barely misses you.
The hobgoblin hits you but does no damage.
The kobold hits you but does no damage.
You closely miss the hobgoblin.
The hobgoblin is heavily wounded.
The bat closely misses you. The bat barely misses you.
The bat hits you but does no damage. The kobold hits you but does no damage.
The hobgoblin hits you.
You hit the hobgoblin.
The hobgoblin is severely wounded.
The bat hits you but does no damage. The hobgoblin barely misses you.
The kobold hits you but does no damage. The bat barely misses you.
You hit the hobgoblin but do no damage.
Your tail-slap misses the hobgoblin.
The hobgoblin is severely wounded.
The bat misses you. The bat closely misses you.
The hobgoblin hits you but does no damage.
The kobold hits you but does no damage. The hobgoblin misses you.
You closely miss the hobgoblin.
The hobgoblin is severely wounded.
The bat hits you. x2
The kobold hits you but does no damage. The hobgoblin hits you.
You die...

You could see a hobgoblin, a goblin, a bat, a kobold and a giant newt.

Vanquished Creatures
  2 giant geckos (D:1)
  2 bats (D:1)
  A giant cockroach (D:2)
  6 hobgoblins (D:1)
  A ball python (D:1)
  A giant newt (D:1)
  2 goblins (D:1)
  2 kobolds
  A quokka (D:2)
  5 rats
23 creatures vanquished.

Action                   || total
-------------------------++-------
Melee: Mace              ||    78
 Cast: Infusion          ||     1
       Song of Slaying   ||     2
  Use: Potion            ||     3
  Eat: Chunk             ||     1

Vault maps used:
D:1:      elethiomel_arrival_quiet
